 Dungeon Crawl Stone Soup version 0.28.0-53-g5a82cb258f (webtiles) character file.

Game seed: 17741612230636373146

1349 Tiocfaidh the Poker (level 8, -6/62 HPs)
             Began as a Merfolk Monk on June 25, 2022.
             Killed from afar by Maggie (15 damage)
             ... with a bolt of fire
             ... on level 6 of the Dungeon.
             The game lasted 00:32:12 (6938 turns).

Tiocfaidh the Poker (Merfolk Monk)                  Turns: 6938, Time: 00:32:14

Health: -6/62      AC:  9    Str: 13    XL:     8   Next: 63%
Magic:  8/8        EV:  8    Int:  9    God:
Gold:   167        SH:  0    Dex: 17    Spells: 7/7 levels left

rFire   . . .      SeeInvis .   l - +6 dagger (venom)
rCold   . . .      Faith    .   (no shield)
rNeg    . . .      Spirit   .   a - +0 chain mail
rPois   +          Reflect  .   (no helmet)
rElec   .          Harm     .   d - scarf {+Inv}
rCorr   .          Rampage  .   (no gloves)
Will    .....                   (no boots)
Stlth   ..........              (no amulet)
HPRegen 0.20/turn               h - ring of poison resistance
MPRegen 0.11/turn               (no ring)

@: mesmerised, hasted, studying Evocations, very quick
A: (nimble swimmer 2), mertail
a: Evoke Invisibility


You were on level 6 of the Dungeon.
You visited 1 branch of the dungeon, and saw 6 of its levels.

You collected 239 gold pieces.
You spent 72 gold pieces at shops.

Inventory:

Hand Weapons
 l - a +6 dagger of venom (weapon)
Missiles
 b - a silver boomerang
 q - 3 poisoned darts
 t - 4 boomerangs (quivered)
Armour
 a - a +0 chain mail (worn)
 d - a scarf of invisibility (worn)
 r - a scarf of shadows
Jewellery
 h - a ring of poison resistance (left hand)
Wands
 p - a wand of polymorph (9)
 z - a wand of paralysis (13)
 B - a wand of mindburst (7)
Scrolls
 e - a scroll of amnesia
 f - a scroll of noise
 n - 4 scrolls of magic mapping
 o - a scroll of silence
 s - a scroll of fear
 u - a scroll of blinking {unknown}
 x - a scroll of immolation {unknown}
 y - a scroll of fog {unknown}
Potions
 g - 3 potions of curing
 i - a potion of resistance {unknown}
 j - a potion of magic {unknown}
 k - a potion of flight {unknown}
 m - 2 potions of mutation {unknown}
 v - a potion of attraction {unknown}
 w - a potion of berserk rage {unknown}
 A - a potion of brilliance {unknown}


   Skills:
 + Level 5.2 Fighting
 + Level 5.1 Short Blades
 + Level 6.1 Polearms
 + Level 2.1 Throwing
 + Level 3.2 Armour
 + Level 6.1 Dodging
 + Level 5.9 Stealth


You had 7 spell levels left.
You didn't know any spells.
Your spell library contained the following spells:

 Spells                   Type           Power      Damage    Failure   Level
 Blade Hands              Tmut           0%         N/A       100%        5
 Irradiate                Conj/Tmut      0%         3d13      100%        5
 Dragon Form              Tmut           0%         N/A       100%        7


Dungeon Overview and Level Annotations

Branches:
Dungeon (6/15)
 Temple: D:4-7

Altars:
Kikubaaqudgha
Nemelex Xobeh
Sif Muna
Xom
The Shining One

Shops:
D:1 [   D:5 :?

Annotations:
D:6 Maggie


Innate Abilities, Weirdness & Mutations

((You are very nimble when in or above water. (Stealth+, EV+, Speed+++)))
Your lower body shifts to a powerful aquatic tail in water.


Message History

Blork the orc hits you with a +0 short sword.
You hit Blork the orc.
You kill Blork the orc!
Found a stone staircase leading down.
Things that are here:
a +0 short sword; a +0 robe; the orc corpse of Blork the orc You see here a +0 ring mail.
Found a chain mail.
Maggie shouts!
Maggie drinks a potion.
Maggie seems to speed up.
Found a smoky orange potion.
Maggie mumbles some strange words.
Maggie attempts to bespell you! You resist with some effort.
Maggie is nearby!
Throw: 4 boomerangs
Press: ? - help, Q - select action, (/) - cycle Shift-Dir - straight line, f - Maggie
Aim: Maggie, wielding a +2 scimitar of flaming, wearing +0 swamp dragon scales and carrying a wand of flame (10) (fast, 66% to hit)
You throw a boomerang.
The boomerang hits Maggie but does no damage.
Maggie gestures wildly while chanting.
Maggie attempts to bespell you! You resist with some effort.
Maggie points at you and mumbles some strange words.
The bolt of fire hits you!
Maggie zaps a wand.
The puff of flame hits you.
Maggie zaps a wand.
The puff of flame hits you.
Maggie zaps a wand.
The puff of flame hits you!
You hit Maggie but do no damage.
Maggie gives herself a magical halo, but it quickly sputters out.
Maggie zaps a wand.
The puff of flame hits you!
You hit Maggie but do no damage. Maggie gestures at you while chanting.
The bolt of fire hits you!
* * * LOW HITPOINT WARNING * * *
You feel yourself speed up.
Maggie gestures wildly while chanting.
Maggie attempts to bespell you!
You are mesmerised by Maggie!
Maggie casts a spell at you. The bolt of fire hits you!
You die...

##.##..........#......#
#..####..)...........#
..)#.................#
...........##........#
..#........####[.....##
###.#......###......#.###.
####....................
##).####......#.....# #
##...#.....@###.....#
######..........@# .....
.##.........##...#. ..!..
..........#####...........
.....##.#.## #...........
....#####).##......[.@..
....#..#...)............
....).....#............. .
#..
....)##.###..#..........
.#..


You could see Maggie (mesmerising, fast).

Vanquished Creatures
  An acid dragon (D:5)
  2 orc warriors
  A black bear (D:6)
  Blork the orc (D:6)
  2 scorpions
  3 bullfrog zombies (D:5)
  2 hounds
  3 orc priests
  Crazy Yiuf (D:6)
  A centaur skeleton (D:6)
  A gnoll shaman (D:5)
  A bullfrog skeleton (D:5)
  Jessica (D:2)
  An iguana (D:6)
  Natasha (D:2)
  3 orc wizards
  3 hound zombies
  4 gnolls
  5 adders
  A white imp (D:3)
  2 ufetubi
  An adder skeleton (D:4)
  3 worms
  2 dart slugs (D:1)
  10 orcs
  3 ball pythons
  17 endoplasms
  3 giant cockroaches
  5 goblins
  7 hobgoblins
  3 jackals (D:2)
  7 kobolds
  3 quokkas
  6 bats
  3 frilled lizards
  8 rats
121 creatures vanquished.

Vanquished Creatures (others)
  8 fungi
  A plant (D:5)
9 creatures vanquished.

Grand Total: 130 creatures vanquished

Notes
Turn   | Place    | Note
-------+----------+-------------------------------------------
     0 | D:1      | Tiocfaidh the Merfolk Monk began the quest for the Orb.
     0 | D:1      | Reached XP level 1. HP: 18/18 MP: 1/1
   222 | D:1      | Reached XP level 2. HP: 22/24 MP: 2/2
   358 | D:1      | Reached skill level 5 in Polearms
   439 | D:1      | Reached XP level 3. HP: 14/29 MP: 3/3
   681 | D:1      | Found Ilyfaffep's Antique Armour Shop.
  1241 | D:2      | Noticed Natasha
  1900 | D:2      | Reached XP level 4. HP: 37/37 MP: 4/4
  2158 | D:2      | Noticed Jessica
  2171 | D:2      | Killed Jessica
  2256 | D:2      | Killed Natasha
  2257 | D:2      | Reached skill level 5 in Dodging
  2257 | D:2      | Reached XP level 5. HP: 42/42 MP: 5/5
  2615 | D:3      | Found an ancient bone altar of Kikubaaqudgha.
  2618 | D:3      | Found a glowing golden altar of the Shining One.
  2622 | D:3      | Found a sparkling altar of Nemelex Xobeh.
  3137 | D:4      | Reached skill level 1 in Short Blades
  3261 | D:4      | Reached XP level 6. HP: 32/48 MP: 6/6
  3831 | D:5      | Entered Level 5 of the Dungeon
  3858 | D:5      | Reached skill level 1 in Throwing
  3986 | D:5      | Reached skill level 5 in Stealth
  3989 | D:5      | Found a shimmering blue altar of Sif Muna.
  4031 | D:5      | Found Ympaih's Book Shoppe.
  4118 | D:5      | Reached XP level 7. HP: 37/54 MP: 7/7
  4970 | D:5      | Reached skill level 1 in Armour
  4975 | D:5      | Found Waumuec's Magic Scroll Emporium.
  4980 | D:5      | Bought a scroll of identify for 24 gold pieces
  4980 | D:5      | Bought a scroll of identify for 24 gold pieces
  4980 | D:5      | Bought a scroll of identify for 24 gold pieces
  5055 | D:5      | HP: 2/55 [acid dragon/splash of acid (20)]
  5113 | D:5      | Found a shimmering altar of Xom.
  5622 | D:5      | Reached XP level 8. HP: 19/61 MP: 8/8
  6219 | D:6      | Reached skill level 5 in Fighting
  6666 | D:6      | Noticed Maggie
  6758 | D:6      | Found a runed translucent door.
  6759 | D:6      | Noticed Crazy Yiuf
  6770 | D:6      | Killed Crazy Yiuf
  6771 | D:6      | Reached skill level 5 in Short Blades
  6898 | D:6      | Noticed Blork the orc
  6908 | D:6      | Killed Blork the orc
  6938 | D:6      | Killed from afar by Maggie

Illustrated notes

Levels and vault maps discovered:
D:1:      dpeg_arrival_ternary, layout_basic, serial_shops, shop
D:2:      layout_loops_ring, uniq_jessica, uniq_natasha
D:3:      layout_basic, grunt_temple_overflow_diamond
D:4:      layout_basic, serial_aquarium, aquarium_bridge_square
          [aquarium_subvault_bridge, aquarium_subvault_balcony,
          aquarium_subvault_bridge, aquarium_subvault_window],
          aquarium_window_corridor_1, aquarium_window_fake, aquarium_view_2b,
          aquarium_view_2d, minmay_manual_macuahuitl
D:5:      layout_loops_ring, mainiacjoe_overflow_catch_the_wave, serial_shops,
          shop, kennysheep_little_box, guppyfry_early_lair_pool
D:6:      layout_cave_pools, serial_shops, nicolae_take_the_stairs,
          uniq_blork_the_orc, uniq_crazy_yiuf_cottage, uniq_maggie

Skill      XL: |  1  2  3  4  5  6  7  8 |
---------------+-------------------------+-----
Polearms       | 5 6 |  6.1
Fighting       | 4 5 |  5.2
Dodging        | 5 6 |  6.1
Stealth        | 3 4 5 |  5.9
Short Blades   | 1 2 4 5 |  5.1
Throwing       | 1 2 |  2.1
Armour         | 1 3 |  3.2

Action                   |  1- 3 |  4- 6 |  7- 9 || total
-------------------------+-------+-------+-------++-------
Melee: Spear             |   140 |     6 |       ||   146
       Punch             |     2 |     1 |     3 ||     6
       Dagger            |       |   143 |   181 ||   324
Throw: Boomerang         |       |    10 |    21 ||    31
       Dart              |       |     3 |       ||     3
  Use: Scroll            |       |       |    14 ||    14
       Potion            |       |       |     1 ||     1
 Stab: Sleeping          |     4 |    17 |     3 ||    24
       Distracted        |       |     1 |     1 ||     2
Armor: Robe              |    10 |     9 |       ||    19
       Ring mail         |       |     6 |    22 ||    28
       Chain mail        |       |       |    48 ||    48
Dodge: Dodged            |    80 |    70 |    86 ||   236
